 Dungeon Crawl Stone Soup version 0.20.1-1-g8b1a95d (webtiles) character file.

149 Irenicus the Insei (level 5, -1/41 HPs)
             Began as a Demonspawn Chaos Knight on Oct 8, 2017.
             Impaled on a porcupine's spines (10 damage)
             ... in an ossuary.
             The game lasted 00:10:13 (3412 turns).

Irenicus the Insei (Demonspawn Chaos Knight)        Turns: 3412, Time: 00:10:14

Health: -1/41      AC:  9    Str: 15 (17) XL:     5   Next: 9%
Magic:  5/5        EV: 10    Int: 13 (14) God:    Xom [.*....]
Gold:   140        SH:  0    Dex: 13 (15) Spells: 4/4 levels left

rFire    . . .     SeeInvis .     - Unarmed
rCold    + . .     Gourm    .   (no shield)
rNeg     . . .     Faith    .   a - +2 leather armour
rPois    .         Spirit   .   p - +1 hat
rElec    .         Reflect  .   (no cloak)
rCorr    .         Harm     .   (no gloves)
MR       .....                  n - +0 pair of boots
Stlth    +.........             (no amulet)
Regen    0.2/turn               g - ring of wizardry
MPRegen  0.1/turn               (no ring)

@: mighty, flying, drained
A: talons 1, yellow scales 1, agile 1, cold resistance 1, wild magic 1
a: Renounce Religion


You were in an ossuary.
You worshipped Xom.
You were a plaything of Xom.
You were not hungry.

You visited 1 branch of the dungeon, and saw 4 of its levels.
You also visited: Ossuary.

You collected 140 gold pieces.

Inventory:

Armour
 a - a +2 leather armour (worn)
 n - a +0 pair of boots (worn)
 p - a +1 hat (worn)
Jewellery
 g - a ring of wizardry (left hand)
Scrolls
 e - 7 scrolls of identify
 f - 3 scrolls of enchant armour {unknown}
 h - a scroll of fog
 j - 6 scrolls of remove curse {unknown}
Comestibles
 d - 3 meat rations
 m - a royal jelly


   Skills:
 - Level 3.0(1.9) Fighting
 + Level 2.7(1.6) Armour
 - Level 1.0(0.0) Dodging
 - Level 1.0(0.0) Stealth
 + Level 4.6(3.4) Unarmed Combat


You had 4 spell levels left.
You didn't know any spells.

Dungeon Overview and Level Annotations

Branches:
Dungeon (4/15)
 Temple: D:4-7

Altars:


Innate Abilities, Weirdness & Mutations

You are partially covered in yellow scales. (AC +2)
Your flesh is cold resistant. (rC+)
You have sharp toenails.
You are agile. (Dex +2)
Your spells are a little harder to cast, but a little more powerful.


Message History

* * * LOW HITPOINT WARNING * * *
Press: ? - help, v - describe, . - travel
Here: a porcupine The floor.
You feel much better.
The kobold zombie hits you but does no damage.
The porcupine bites you! The human zombie hits you.
The goblin zombie hits you but does no damage.
You are struck by the porcupine's spines.
* * * LOW HITPOINT WARNING * * *
You punch the porcupine!
The porcupine is heavily wounded.
The porcupine closely misses you.
The kobold zombie hits you but does no damage.
The human zombie hits you.
* * * LOW HITPOINT WARNING * * *
The goblin zombie closely misses you.
You are struck by the porcupine's spines.
You die...
Xom thinks this is hilarious!

...8...# .......#
##############8...8##
#...#...#...#.......#
#.∩.r...8...#...8...#
#b..#.......#...#.s.#
##+###8...8###.######
#...#.......#ZZ^#.!.#.
#.∩.#...8....r@.#s..'.
#...#...#...#Z..#s.?#.
#####################


You could see 2 scorpions, a porcupine, a goblin zombie, a kobold zombie and a
human zombie.

Vanquished Creatures
  An iguana (D:3)
  A big kobold zombie (Ossuary)
  A scorpion zombie (Ossuary)
  2 adders
  2 oozes (D:1)
  A worm (D:3)
  3 dart slugs
  A leopard gecko (D:3)
  An orc (D:3)
  7 bats
  3 giant cockroaches
  6 goblins
  4 hobgoblins
  2 ball pythons
  4 frilled lizards
  A gnoll zombie (Ossuary)
  A hobgoblin zombie (Ossuary)
  6 kobolds
  2 kobold zombies (Ossuary)
  7 rats
56 creatures vanquished.

Vanquished Creatures (others)
  A human zombie (Ossuary)
  A mummy (Ossuary)
  A scorpion zombie (Ossuary)
  A gnoll zombie (Ossuary)
4 creatures vanquished.

Grand Total: 60 creatures vanquished

Notes
Turn   | Place    | Note
-------+----------+-------------------------------------------
     0 | D:1      | Irenicus the Demonspawn Chaos Knight began the quest for the Orb.
     0 | D:1      | Reached XP level 1. HP: 18/18 MP: 1/1
    80 | D:1      | XOM: potion effect (invisibility)
    94 | D:1      | Gained mutation: You are partially covered in yellow scales. (AC +2) [demonic ancestry]
    94 | D:1      | Reached XP level 2. HP: 22/24 MP: 2/2
   116 | D:1      | Reached skill level 3 in Unarmed Combat
   228 | D:1      | Reached skill level 1 in Dodging
   304 | D:1      | XOM: 1-stop teleportation journey
   429 | D:1      | Reached XP level 3. HP: 27/29 MP: 3/3
   738 | D:1      | XOM: cloud trail
   816 | D:2      | XOM: summons 2 hostile shadow creatures
   861 | D:2      | XOM: mild Fire miscast
   955 | D:2      | Reached skill level 1 in Stealth
   976 | D:2      | XOM: harmless Fire miscast
  1014 | D:2      | XOM: blink monster(s)
  1171 | D:2      | You fall through a shaft!
  1216 | D:2      | XOM: give mutations
  1216 | D:2      | Gained mutation: Your mind is acute. (Int +2) [Xom's mischief]
  1216 | D:2      | Gained mutation: You have sharp toenails. [Xom's mischief]
  1216 | D:2      | Lost mutation: Your mind is acute. (Int +2) [Xom's mischief]
  1216 | D:2      | Gained mutation: Your body sometimes deteriorates upon taking damage. [Xom's mischief]
  1372 | D:2      | XOM: divination: detect creatures
  1538 | D:2      | XOM: divination: detect creatures
  1717 | D:3      | XOM: scenery: 1 doors close
  1726 | D:3      | XOM: fake destruction
  1814 | D:3      | XOM: god gift: 17 sling bullets
  1837 | D:3      | Reached XP level 4. HP: 28/35 MP: 4/4
  2025 | D:3      | XOM: harmless Pois miscast
  2152 | D:3      | XOM: smoke on damage
  2171 | D:3      | Reached skill level 4 in Unarmed Combat
  2544 | D:3      | XOM: medium Summ miscast
  2545 | D:3      | Noticed a spatial vortex
  2720 | D:3      | XOM: medium Ice miscast
  2782 | D:4      | Found a sand-covered staircase.
  2787 | Ossuary  | Entered an ossuary
  2796 | Ossuary  | XOM: chaos cloud
  2822 | Ossuary  | XOM: divine lightning
  2836 | Ossuary  | XOM: cleaving
  2846 | Ossuary  | Gained mutation: Your flesh is cold resistant. (rC+) [demonic ancestry]
  2846 | Ossuary  | Reached XP level 5. HP: 12/41 MP: 5/5
  2860 | Ossuary  | XOM: polymorph scorpion -> jelly
  2870 | Ossuary  | XOM: chaos cloud
  2874 | Ossuary  | HP: 1/41 [acid (5)]
  2931 | Ossuary  | XOM: god gift: 20 gold pieces
  3204 | Ossuary  | XOM: draining
  3337 | Ossuary  | Noticed a porcupine
  3337 | Ossuary  | a scorpion changed into a porcupine
  3337 | Ossuary  | XOM: polymorph scorpion -> porcupine
  3342 | Ossuary  | XOM: butterfly on damage
  3343 | Ossuary  | XOM: noise
  3346 | Ossuary  | XOM: noise
  3396 | Ossuary  | XOM: 2-stop teleportation journey
  3402 | Ossuary  | Lost mutation: Your body sometimes deteriorates upon taking damage. [potion of mutation]
  3402 | Ossuary  | Lost mutation: You have sharp toenails. [potion of mutation]
  3402 | Ossuary  | Gained mutation: Your spells are a little harder to cast, but a little more powerful. [potion of mutation]
  3402 | Ossuary  | Gained mutation: You have sharp toenails. [potion of mutation]
  3402 | Ossuary  | Gained mutation: You are agile. (Dex +2) [potion of mutation]
  3412 | Ossuary  | Impaled on a porcupine's spines

Skill      XL: |  1  2  3  4 |
---------------+-------------+-----
Armour         | 2 |  2.7
Unarmed Combat | 3 4 |  4.6
Dodging        | 1 |  1.0
Stealth        | 1 |  1.0
Fighting       | |  3.0

Action                   |  1- 3 |  4- 6 || total
-------------------------+-------+-------++-------
Melee: Unarmed           |   198 |   141 ||   339
       Kick              |     4 |     2 ||     6
       Punch             |     2 |     1 ||     3
  Use: Potion            |       |     8 ||     8
       Scroll            |       |     1 ||     1
 Stab: Invisible         |     3 |       ||     3
       Petrified         |    24 |     3 ||    27
       Sleeping          |       |     1 ||     1
       Paralysed         |       |     1 ||     1
  Eat: Chunk             |     2 |     3 ||     5
       Bread ration      |       |     1 ||     1
Armor: Leather armour    |    66 |    36 ||   102
Dodge: Dodged            |   107 |    65 ||   172
